 Dungeon Crawl Stone Soup version 0.22-a0-469-gf26638a71f (webtiles) character file.

15386 Foic the Grappler (level 12, 0/111 HPs)
             Began as a Troll Fighter on June 11, 2018.
             Was a High Priest of Makhleb.
             Slain by a wyvern (3 damage)
             ... on level 3 of the Lair of Beasts.
             The game lasted 01:25:17 (11427 turns).

Foic the Grappler (Troll Fighter)                  Turns: 11427, Time: 01:25:17

Health: 0/111      AC: 19    Str: 28    XL:     12   Next: 0%
Magic:  13/13      EV:  1    Int:  4    God:    Makhleb [*****.]
Gold:   902        SH:  0    Dex: 12    Spells: 10/14 levels left

rFire    + . .     SeeInvis .     - Unarmed
rCold    + . .     Gourm    +   (no shield)
rNeg     + + +     Faith    .   W - +0 gold dragon scales
rPois    ∞         Spirit   .   (helmet restricted)
rElec    .         Reflect  +   r - +2 cloak {+Inv}
rCorr    .         Harm     .   (gloves unavailable)
MR       .....                  (boots unavailable)
Stlth    ..........             G - +6 amulet of reflection
HPRegen  0.68/turn              C - ring of stealth
MPRegen  0.13/turn              I - ring of stealth

@: petrified
A: large, unfitting armour, claws 3, fast metabolism 3, gourmand, regeneration
1, shaggy fur 1, tough skin 2
a: Minor Destruction, Lesser Servant of Makhleb, Major Destruction, Greater
Servant of Makhleb, Renounce Religion, Evoke Invisibility


You were on level 3 of the Lair of Beasts.
You worshipped Makhleb.
Makhleb was extremely pleased with you.
You were full.

You visited 3 branches of the dungeon, and saw 15 of its levels.
You also visited: Ice Cave.

You collected 902 gold pieces.

Inventory:

Hand Weapons
 E - a +0 flail of holy wrath
Missiles
 e - 316 stones
 o - 26 tomahawks (quivered)
 U - 3 steel tomahawks
Armour
 r - a +2 cloak of invisibility (worn)
 K - a scarf of cloud immunity
 O - +0 steam dragon scales
 R - a +0 hat
 W - +0 gold dragon scales (worn)
Jewellery
 C - a ring of stealth (left claw)
 G - a +6 amulet of reflection (around neck)
 H - an uncursed ring of fire
 I - a ring of stealth (right claw)
Wands
 a - a wand of digging (8)
 q - a wand of acid (19)
 t - a wand of flame (45)
 P - a wand of clouds (4)
 Q - a wand of enslavement (5)
Scrolls
 b - 8 scrolls of remove curse {unknown}
 f - 2 scrolls of enchant weapon {unknown}
 h - a scroll of fog {unknown}
 k - 7 scrolls of identify
 l - 2 scrolls of fear {unknown}
 n - 7 scrolls of teleportation {unknown}
 p - 2 scrolls of magic mapping {unknown}
 u - 8 scrolls of amnesia {unknown}
 y - 2 scrolls of immolation {unknown}
 B - a scroll of noise {unknown}
 D - a scroll of random uselessness {unknown}
 F - 2 scrolls of vulnerability {unknown}
 J - 3 scrolls of blinking {unknown}
 L - a scroll of silence {unknown}
Potions
 c - a potion of might
 g - 7 potions of curing {unknown}
 i - a potion of agility {unknown}
 j - 5 potions of brilliance {unknown}
 m - 4 potions of mutation {unknown}
 s - a potion of invisibility
 v - 2 potions of resistance {unknown}
 w - 2 potions of magic {unknown}
 x - 2 potions of flight {unknown}
 z - a potion of cancellation {unknown}
 M - 2 potions of berserk rage {unknown}
 V - 2 potions of haste {unknown}
Miscellaneous
 S - 2 sacks of spiders
 T - a phantom mirror
Comestibles
 d - 21 rations


   Skills:
 + Level 5.1 Fighting
 + Level 1.8 Armour
 * Level 8.5 Dodging
 + Level 3.2 Stealth
   Level 2.4 Shields
 + Level 14.0 Unarmed Combat
 + Level 1.9 Spellcasting
 + Level 2.2 Necromancy


You had 10 spell levels left.
You knew the following spells:

 Your Spells              Type           Power        Failure   Level  Hunger
a - Animate Skeleton      Necr           N/A          100%        1    ##.....
b - Vampiric Draining     Necr           #.........   100%        3    ####...

Your spell library contained the following spells:

 Spells                   Type           Power        Failure   Level  Hunger
 Animate Dead             Necr           N/A          100%        4    #####..
 Pain                     Necr           #...         100%        1    ##.....
 Regeneration             Chrm/Necr      #.........   100%        3    ####...


Dungeon Overview and Level Annotations

Branches:
Dungeon (11/15)            Temple (1/1) D:5            Lair (3/6) D:11
    Orc (0/2) D:9
  Swamp: Lair:2-4    Shoals: Lair:2-4     Snake: Lair:2-4    Spider: Lair:2-4

Altars:
Ashenzari
Cheibriados
Dithmenos
Elyvilon
Fedhas
Gozag
Hepliaklqana
Kikubaaqudgha
Makhleb
Nemelex Xobeh
Okawaru
Qazlal
Ru
Sif Muna
Trog
Uskayaw
Vehumet
Wu Jian
Xom
Yredelemnul
Zin
The Shining One

Shops:
D:7 (

Annotations:
D:6 1 runed door


Innate Abilities, Weirdness & Mutations

You are too large for most types of armour.
You have claws for hands.
Your metabolism is lightning-fast.
You like to eat raw meat.
Your natural rate of healing is unusually fast.
You are covered in fur. (AC +1)
You have very tough skin. (AC +2)


Message History

The crocodile bites you.
* * * LOW HITPOINT WARNING * * *
The wyvern bites you but does no damage.
The crocodile bites you but does no damage.
The bullfrog hits you.
* * * LOW HITPOINT WARNING * * *
The spiny frog stings you but does no damage.
The basilisk gazes at you.
The wyvern bites you but does no damage.
The crocodile bites you but does no damage.
The bullfrog hits you but does no damage.
The crocodile bites you but does no damage.
The wyvern bites you.
The spiny frog stings you but does no damage.
The basilisk bites you but does no damage.
The bullfrog hits you but does no damage.
The crocodile bites you.
* * * LOW HITPOINT WARNING * * *
The wyvern bites you!
You die...

..8..######........
#......####........
#........#........
#...8...+........ #
#......#.#......
#.##........#......
#...#.....##.......
#..).tFl#.####.....
#....t@F..P# #....
#P......l...P# #...
#P.P.........#
##PP.........#
..P..........#
..#............. .
#............#
##...........


You could see a spiny frog, a basilisk, 2 crocodiles, a wyvern and a bullfrog.

Vanquished Creatures
  Gastronok (D:10)
  Erica (D:9)
  Sonja (D:11)
  A necromancer (IceCv)
  The ghost of alpinistek the Chiller, a novice DsIE of Sif Muna (D:6)
  A centaur zombie (D:11)
  2 ice statues (IceCv)
  Joseph (D:7)
  2 black mambas
  Maurice (D:8)
  Psyche (D:10)
  A komodo dragon (D:11)
  9 ice devils (IceCv)
  2 trolls
  3 hippogriffs
  Grum (D:8)
  A wyvern (Lair:1)
  A steam dragon (D:9)
  A hungry ghost (D:7)
  Edmund (D:6)
  A water moccasin (Lair:1)
  3 ice beasts
  5 orc warriors
  2 phantoms
  8 ogres
  2 wolves (D:8)
  A centaur (D:9)
  4 crocodiles (Lair:1)
  2 big kobolds (D:9)
  5 bullfrogs
  2 gnoll sergeants
  A wyvern zombie (D:9)
  A killer bee (D:7)
  A scorpion (D:6)
  5 howler monkeys
  2 draconian simulacra (IceCv)
  5 crimson imps
  5 jellies
  4 hounds
  A bullfrog skeleton (D:4)
  A gnoll shaman (D:10)
  2 orc priests
  Ijyb (D:4)
  An iguana (D:11)
  8 worker ants
  13 orc wizards
  2 troll simulacra (IceCv)
  Natasha (thrice) (D:4)
  A spriggan simulacrum (IceCv)
  A centaur simulacrum (IceCv)
  A hound zombie (D:9)
  2 hound skeletons
  28 gnolls
  2 naga simulacra (IceCv)
  4 river rats (D:5)
  8 adders
  A howler monkey skeleton (D:2)
  2 ogre simulacra (IceCv)
  12 white imps (Lair:1)
  6 oozes
  2 adder zombies
  An adder skeleton (D:5)
  A worm (D:9)
  5 dart slugs
  7 leopard geckos
  45 orcs
  2 ball pythons
  4 giant cockroaches
  7 hobgoblins
  7 jackals
  3 quokkas
  5 bats
  8 frilled lizards
  9 goblins
  A jackal skeleton (D:5)
  26 kobolds
  A quokka skeleton (D:8)
  7 rats
  2 plants (D:5)
335 creatures vanquished.

Vanquished Creatures (collateral kills)
  A centaur zombie (D:5)
  An orc (D:9)
2 creatures vanquished.

Vanquished Creatures (others)
  2 fungi
  5 plants
7 creatures vanquished.

Grand Total: 344 creatures vanquished

Notes
Turn   | Place    | Note
-------+----------+-------------------------------------------
     0 | D:1      | Foic the Troll Fighter began the quest for the Orb.
     0 | D:1      | Reached XP level 1. HP: 22/22 MP: 0/0
   113 | D:1      | Reached XP level 2. HP: 27/29 MP: 1/1
   370 | D:1      | Reached XP level 3. HP: 36/36 MP: 2/2
   915 | D:2      | Reached XP level 4. HP: 33/44 MP: 3/3
   920 | D:2      | Reached skill level 3 in Unarmed Combat
  1402 | D:3      | Reached XP level 5. HP: 53/53 MP: 4/4
  1684 | D:3      | Found a hazy altar of Hepliaklqana.
  1700 | D:3      | Found a white marble altar of Elyvilon.
  1732 | D:3      | Found a sacrificial altar of Ru.
  1756 | D:3      | Found a sparkling altar of Nemelex Xobeh.
  2047 | D:4      | Noticed Natasha
  2055 | D:4      | Killed Natasha
  2147 | D:4      | Reached skill level 4 in Unarmed Combat
  2183 | D:4      | Noticed Natasha
  2204 | D:4      | Killed Natasha
  2269 | D:4      | Reached XP level 6. HP: 61/61 MP: 5/5
  2347 | D:4      | Noticed Natasha
  2351 | D:4      | Killed Natasha
  2436 | D:4      | Learned a level 1 spell: Animate Skeleton
  2440 | D:4      | Learned a level 3 spell: Vampiric Draining
  2459 | D:4      | Found a shadowy altar of Dithmenos.
  2459 | D:4      | Noticed Ijyb
  2496 | D:4      | Killed Ijyb
  2496 | D:4      | Reached skill level 5 in Unarmed Combat
  2746 | D:4      | Found a glowing silver altar of Zin.
  2971 | D:5      | Entered Level 5 of the Dungeon
  3047 | D:5      | Reached XP level 7. HP: 67/67 MP: 6/6
  3164 | D:5      | Reached skill level 6 in Unarmed Combat
  3168 | D:5      | Found a staircase to the Ecumenical Temple.
  3214 | Temple   | Entered the Ecumenical Temple
  3308 | Temple   | Became a worshipper of Makhleb the Destroyer
  3513 | D:5      | Found a deep blue altar of Sif Muna.
  3716 | D:5      | Reached skill level 5 in Dodging
  3716 | D:5      | Reached skill level 7 in Unarmed Combat
  3716 | D:5      | Reached XP level 8. HP: 55/76 MP: 7/7
  4507 | D:6      | Reached * piety under Makhleb
  4507 | D:6      | Reached skill level 8 in Unarmed Combat
  4637 | D:6      | Noticed Edmund
  4647 | D:6      | Noticed alpinistek's ghost (novice DsIE)
  4648 | D:6      | Killed Edmund
  4664 | D:6      | Killed alpinistek's ghost
  4664 | D:6      | Reached skill level 1 in Stealth
  4664 | D:6      | Reached XP level 9. HP: 10/84 MP: 8/8
  4673 | D:6      | HP: 4/84 [poisoned by alpinistek's ghost]
  4679 | D:6      | HP: 4/84 [poisoned by alpinistek's ghost]
  5091 | D:6      | Found a runed door.
  5321 | D:7      | Reached skill level 9 in Unarmed Combat
  5552 | D:7      | Noticed Joseph
  5567 | D:7      | Killed Joseph
  5779 | D:7      | Found Beomeris's Antique Weapon Emporium.
  5862 | D:7      | Found an opulent altar of Gozag.
  6021 | D:8      | Noticed Grum
  6039 | D:8      | Killed Grum
  6069 | D:8      | Noticed Maurice
  6083 | D:8      | Killed Maurice
  6083 | D:8      | Reached skill level 10 in Unarmed Combat
  6083 | D:8      | Reached skill level 1 in Spellcasting
  6525 | D:8      | Found an iron altar of Okawaru.
  6526 | D:8      | Found a deep blue altar of Sif Muna.
  6623 | D:8      | Found a shimmering altar of Xom.
  7016 | D:9      | Reached XP level 10. HP: 86/94 MP: 10/10
  7018 | D:9      | Reached skill level 1 in Necromancy
  7046 | D:9      | Reached ** piety under Makhleb
  7278 | D:9      | Found a bloodstained altar of Trog.
  7278 | D:9      | Found a glowing golden altar of the Shining One.
  7278 | D:9      | Found a stormy altar of Qazlal.
  7278 | D:9      | Found a radiant altar of Vehumet.
  7310 | D:9      | Found a hide-covered altar of Uskayaw.
  7488 | D:9      | Reached skill level 11 in Unarmed Combat
  7675 | D:9      | Found a staircase to the Orcish Mines.
  7843 | D:9      | Noticed Erica
  7858 | D:9      | Killed Erica
  7970 | D:9      | Reached *** piety under Makhleb
  8139 | D:9      | Found a snail-covered altar of Cheibriados.
  8339 | D:10     | Entered Level 10 of the Dungeon
  8455 | D:10     | Noticed Gastronok
  8468 | D:10     | Killed Gastronok
  8468 | D:10     | Reached skill level 12 in Unarmed Combat
  8595 | D:10     | Reached XP level 11. HP: 101/101 MP: 12/12
  9011 | D:10     | Noticed Psyche
  9026 | D:10     | Killed Psyche
  9069 | D:10     | Reached **** piety under Makhleb
  9257 | D:11     | Noticed Sonja
  9294 | D:11     | Killed Sonja
  9559 | D:11     | Found an opulent altar of Gozag.
  9658 | D:11     | Found a staircase to the Lair.
  9699 | Lair:1   | Entered Level 1 of the Lair of Beasts
  9854 | Lair:1   | Found a frozen archway.
  9946 | IceCv    | Entered an ice cave
  9964 | IceCv    | Reached skill level 13 in Unarmed Combat
 10175 | IceCv    | Reached skill level 1 in Armour
 10305 | IceCv    | Noticed a necromancer
 10309 | IceCv    | Killed a necromancer
 10374 | IceCv    | Reached ***** piety under Makhleb
 10436 | IceCv    | Reached skill level 5 in Fighting
 11147 | Lair:2   | Reached skill level 14 in Unarmed Combat
 11147 | Lair:2   | Reached XP level 12. HP: 97/111 MP: 13/13
 11210 | Lair:1   | HP: 5/111 [spiny frog (2)]
 11216 | Lair:1   | HP: 4/111 [poisoned by a spiny frog]
 11222 | Lair:1   | HP: 5/111 [poisoned by a spiny frog]
 11232 | Lair:1   | HP: 3/111 [spiny frog (6)]
 11268 | Lair:1   | HP: 4/111 [poisoned by a spiny frog]
 11424 | Lair:3   | HP: 5/111 [wyvern (4)]
 11425 | Lair:3   | HP: 2/111 [bullfrog (2)]
 11427 | Lair:3   | Slain by a wyvern

Vault maps used:
D:1:      lightli_arrival_noodles, st_stairs_12, palyth_stone_intersect
D:2:      minmay_tiny_reverse_x
D:3:      hangedman_ru_absence, overflow_temple_1_default, lemuel_round_altar,
          nemelex_lonely_heart_becter
D:4:      zin_treasury, nicolae_dithmenos_the_darkroom, uniq_ijyb, uniq_natasha
D:5:      wad_woods_stonehenge, minmay_temple_entry_glass, first_ration
D:6:      uniq_edmund, uniq_crazy_yiuf_cottage
D:7:      kennysheep_mini, serial_shops, nicolae_shop_statue_plus, st_stairs_13,
          uniq_joseph
D:8:      overflow_temple_1_default, grunt_temple_overflow_open, uniq_maurice,
          uniq_grum
D:9:      chequers_temple_overflow_statue_of_worship, hiddenorc1_lemuel,
          basic_altar, st_stairs_13, minivault_27,
          hangedman_little_slice_of_home, minmay_misc_feat_nine_boxes,
          cheibrodos_worm_habitat, uniq_erica
D:10:     uniq_psyche, uniq_gastronok
D:11:     david_lair_shrubbed, nicolae_gozag_seed_capital, uniq_sonja
Temple:   dpeg_three_leaves_temple
Lair:1:   portal_ice_cave_entry_imps, grunt_megastairs_5
Lair:2:   dummy_snake_entry, grunt_megastairs_4, infiniplex_staircase_pool_2
Lair:3:   elwin_shoals_entry_rocks, nicolae_lair_grove_arrangements,
          grunt_megastairs_3, uniq_nergalle, uniq_snorg
IceCv:    ice_cave_tombish

Skill      XL: |  1  2  3  4  5  6  7  8  9 10 11 |
---------------+----------------------------------+-----
Dodging        | 3 4 5 6 7 8 |  8.5
Unarmed Combat | 3 4 5 7 8 10 12 14 | 14.0
Fighting       | 3 4 5 |  5.1
Stealth        | 1 2 3 |  3.2
Spellcasting   | 1 |  1.9
Necromancy     | 2 |  2.2
Armour         | 1 |  1.8
Shields        | |  2.4

Action                   |  1- 3 |  4- 6 |  7- 9 | 10-12 || total
-------------------------+-------+-------+-------+-------++-------
Melee: Unarmed           |   125 |   151 |   272 |   491 ||  1039
       Punch             |       |     2 |     7 |    24 ||    33
Throw: Stone             |     1 |     1 |       |       ||     2
       Tomahawk          |       |       |     1 |       ||     1
 Cast: Animate Skeleton  |       |       |     4 |     9 ||    13
Evoke: Wand              |       |       |       |     6 ||     6
  Use: Scroll            |       |       |     5 |     6 ||    11
       Potion            |       |       |       |     3 ||     3
 Stab: Sleeping          |     1 |     1 |     5 |     3 ||    10
       Distracted        |       |       |       |     1 ||     1
  Eat: Chunk             |    14 |    17 |    36 |    45 ||   112
Armor: Robe              |    43 |    36 |    33 |     6 ||   118
       Steam dragon scal |       |       |       |    70 ||    70
       Gold dragon scale |       |       |       |   152 ||   152
Dodge: Dodged            |    56 |    78 |   104 |   144 ||   382
Block: Other             |       |       |    14 |    96 ||   110
       Reflection        |       |       |       |     4 ||     4

Table legend:
 A = Spawn XP
 B = Non-spawn XP
 C = Spawn XP percentage of total XP
 D = Spawn monster count
 E = Non-spawn monster count
 F = Spawn count percentage of total count
 G = Total turns spent on level
                    A         B        C        D         E        F      G
               +---------+---------+-------+---------+---------+-------+---------
         Total |       0 |   21980 |   0.0 |       0 |     335 |   0.0 | 11427
               +---------+---------+-------+---------+---------+-------+---------
           D:1 |       0 |      44 |   0.0 |       0 |      27 |   0.0 |   550
           D:2 |       0 |     107 |   0.0 |       0 |      25 |   0.0 |   631
           D:3 |       0 |      80 |   0.0 |       0 |      27 |   0.0 |   913
           D:4 |       0 |     423 |   0.0 |       0 |      22 |   0.0 |   877
           D:5 |       0 |    1157 |   0.0 |       0 |      32 |   0.0 |  1229
           D:6 |       0 |    1204 |   0.0 |       0 |      17 |   0.0 |   982
           D:7 |       0 |    1024 |   0.0 |       0 |       9 |   0.0 |   717
           D:8 |       0 |     890 |   0.0 |       0 |       7 |   0.0 |   848
           D:9 |       0 |    3245 |   0.0 |       0 |      65 |   0.0 |  1485
          D:10 |       0 |    4073 |   0.0 |       0 |      45 |   0.0 |   920
          D:11 |       0 |    2368 |   0.0 |       0 |      13 |   0.0 |   440
        Lair:1 |       0 |    2008 |   0.0 |       0 |      23 |   0.0 |   979
        Lair:2 |       0 |     427 |   0.0 |       0 |       1 |   0.0 |   137
         IceCv |       0 |    4930 |   0.0 |       0 |      22 |   0.0 |   571
               +---------+---------+-------+---------+---------+-------+---------
